 Dungeon Crawl Stone Soup version 0.22.1-2-g9c5b331 (webtiles) character file.

184 havocjr2 the Ogre Mage (level 5, -8/53 HPs)
             Began as an Ogre Fire Elementalist on Dec 12, 2018.
             Killed by nerve-wracking pain
             ... invoked by an orc priest
              (13 damage)
             ... on level 4 of the Dungeon.
             The game lasted 00:23:25 (2967 turns).

havocjr2 the Ogre Mage (Ogre Fire Elementalist)     Turns: 2967, Time: 00:23:26

Health: -8/53      AC:  3    Str: 12    XL:     5   Next: 64%
Magic:  2/10       EV: 10    Int: 22    God:
Gold:   198        SH:  0    Dex:  9    Spells: 5/11 levels left

rFire    . . .     SeeInvis .   h - +1 hand axe
rCold    . . .     Gourm    .   (no shield)
rNeg     . . .     Faith    .   a - +0 robe
rPois    .         Spirit   .   (helmet restricted)
rElec    .         Reflect  .   (no cloak)
rCorr    .         Harm     .   (gloves unavailable)
MR       +....                  (boots unavailable)
Stlth    +.........             (no amulet)
HPRegen  0.17/turn              l - ring of protection from magic
MPRegen  0.12/turn              (no ring)

@: brilliant
A: large, unfitting armour, tough skin 1
a: no special abilities


You were on level 4 of the Dungeon.
You were not hungry.

You visited 1 branch of the dungeon, and saw 4 of its levels.

You collected 198 gold pieces.

Inventory:

Hand Weapons
 f - a +0 dagger
 h - a +1 hand axe (weapon)
 p - a cursed -2 dagger
Missiles
 b - 90 stones (quivered)
 d - 3 tomahawks of dispersal
Armour
 a - a +0 robe (worn)
Jewellery
 l - a ring of protection from magic (left hand)
Scrolls
 g - a scroll of teleportation
 i - a scroll of identify
 m - a scroll of remove curse
Potions
 e - a potion of resistance
 j - a potion of mutation
 k - a potion of ambrosia
Comestibles
 c - 6 rations
 n - 4 chunks of flesh


   Skills:
 + Level 3.2 Fighting
 - Level 1.7 Dodging
 - Level 1.4 Stealth
 - Level 3.6 Spellcasting
 + Level 2.4 Conjurations
 + Level 3.6 Fire Magic


You had 5 spell levels left.
You knew the following spells:

 Your Spells              Type           Power        Failure   Level  Hunger
a - Flame Tongue          Conj/Fire      ####.        1%          1    None
b - Conjure Flame         Conj/Fire      ####....     1%          3    ###....
c - Throw Flame           Conj/Fire      ####..       1%          2    ##.....

Your spell library contained the following spells:

 Spells                   Type           Power        Failure   Level  Hunger
 Inner Flame              Hex/Fire       ####....     2%          3    ###....
 Sticky Flame             Conj/Fire      ####....     4%          4    ####...
 Fireball                 Conj/Fire      ####......   11%         5    ######.


Dungeon Overview and Level Annotations

Branches:
Dungeon (4/15)
 Temple: D:4-7

Altars:


Innate Abilities, Weirdness & Mutations

You are too large for most types of armour.
You have tough skin. (AC +1)


Message History

The flame tongue hits the orc priest.
The orc priest is moderately wounded.
The orc wizard mumbles some strange words.
The orc wizard seems to speed up.
You hit the orc priest.
The orc priest is moderately wounded.
You hit the orc wizard. The orc wizard hits you with a dagger.
* * * LOW HITPOINT WARNING * * *
The orc wizard points at you and mumbles some strange words.
The puff of flame hits you!
* * * LOW HITPOINT WARNING * * *
The orc priest barely misses you.
You barely miss the orc priest.
The orc priest is moderately wounded.
You closely miss the orc wizard.
The orc wizard points at you and mumbles some strange words.
The puff of flame misses you.
The orc priest invokes the aid of Beogh against you.
Pain shoots through your body!
You die...

#..## #..###.....###....## .
##..###..........# #.....##..
##..##...........# ##........
##................# #.......#
..................####.......#
............####...#....#....#
#.....................####...#
##...............o...## ....
#........####..@o.### ...
##.#......# #####.## ..
#>.##...... #..# ....#......
#$.# ....# ..... ##.......
....###.... ## ....... .....#
#... .###).o#### .....# #...
..#....o. .....## #..##
..........


You could see an orc priest and an orc wizard.

Vanquished Creatures
  2 orc priests
  An orc wizard (D:3)
  3 adders
  2 dart slugs (D:1)
  5 leopard geckos
  5 orcs (D:3)
  4 giant cockroaches
  6 goblins
  4 hobgoblins
  11 jackals
  A quokka (D:3)
  2 bats (D:3)
  5 frilled lizards
  2 kobolds
  7 rats
60 creatures vanquished.

Notes
Turn   | Place    | Note
-------+----------+-------------------------------------------
     0 | D:1      | havocjr2 the Ogre Fire Elementalist began the quest for the
                  | Orb.
     0 | D:1      | Reached XP level 1. HP: 16/16 MP: 3/3
    80 | D:1      | Reached skill level 1 in Conjurations
   180 | D:1      | Reached XP level 2. HP: 26/26 MP: 3/5
   204 | D:1      | Reached skill level 1 in Fighting
   605 | D:2      | Reached XP level 3. HP: 33/33 MP: 5/7
   672 | D:2      | Learned a level 3 spell: Conjure Flame
   965 | D:2      | Learned a level 2 spell: Throw Flame
  1834 | D:3      | Reached XP level 4. HP: 34/42 MP: 2/8
  2092 | D:3      | Reached XP level 5. HP: 45/50 MP: 0/10
  2967 | D:4      | Killed from afar by an orc priest

Skill      XL: |  1  2  3  4  5 |
---------------+----------------+-----
Conjurations   | 1 2 |  2.4
Fighting       | 1 2 3 |  3.2
Fire Magic     | 3 |  3.6
Spellcasting   | 3 |  3.6
Dodging        | |  1.7
Stealth        | |  1.4

Action                   |  1- 3 |  4- 6 || total
-------------------------+-------+-------++-------
Melee: Unarmed           |     6 |       ||     6
       Hand axe          |    27 |    30 ||    57
Throw: Stone             |    27 |     5 ||    32
 Cast: Flame Tongue      |    40 |    35 ||    75
       Throw Flame       |     6 |    17 ||    23
       Conjure Flame     |     2 |       ||     2
  Use: Scroll            |     3 |     5 ||     8
       Potion            |       |     1 ||     1
  Eat: Chunk             |     3 |     5 ||     8
Armor: Robe              |    13 |     9 ||    22
Dodge: Dodged            |    27 |    23 ||    50
